 Dungeon Crawl Stone Soup version 0.31-a0-1161-g593ecc88b7 (webtiles) character file.

Game seed: 13771852418587892592

4846 Maratek the Blocker (level 10, -3/66 HPs)
             Began as a Gargoyle Fighter on Dec 6, 2023.
             Was a Priest of Trog.
             Slain by a manticore (8 damage)
             ... on level 9 of the Dungeon on Dec 8, 2023.
             The game lasted 00:12:24 (7810 turns).

Maratek the Blocker (Gargoyle Fighter)              Turns: 7810, Time: 00:12:25

Health: -3/66      AC: 15    Str: 26    XL:     10   Next: 49%
Magic:  10/10      EV: 11    Int: 11    God:    Trog [***...]
Gold:   488        SH:  5    Dex:  9    Spells: 9/9 levels left

rFire   . . .        e - +2 flail (vamp)
rCold   . . .        c - +0 buckler
rNeg    + . .        h - +2 robe of Midnight {Str+4}
rPois   ∞            (helmet restricted)
rElec   +            o - +0 cloak
rCorr   .            u - +1 pair of gloves
SInv    .            (no boots)
Will    .....        (no amulet)
Stlth   +            (no ring)
HPRegen 0.31/turn    (no ring)
MPRegen 0.12/turn

%: no passive effects
@: spiked
A: sickness immunity, AC +7, negative energy resistance 1, electricity
resistance, torment resistance 1, petrification resistance, beak
a: Renounce Religion, Berserk, Trog's Hand


You were on level 9 of the Dungeon.
You worshipped Trog.
Trog was most pleased with you.
You visited 2 branches of the dungeon, and saw 10 of its levels.

You collected 488 gold pieces.

Inventory:

Hand Weapons
 e - a +2 vampiric flail (weapon)
 w - a +0 morningstar
Missiles
 t - 2 throwing nets
Armour
 c - a +0 buckler (worn)
 h - the +2 robe of Midnight (worn) {Str+4}
   (You found it on level 5 of the Dungeon)

   Str+4:     It affects your strength (+4).
 o - a +0 cloak (worn)
 u - a +1 pair of gloves (worn)
Jewellery
 v - a ring of wizardry
Wands
 g - a wand of digging (4)
 p - a wand of paralysis (6)
 r - a wand of iceblast (6)
 A - a wand of mindburst (10)
 B - a wand of polymorph (14)
Scrolls
 b - a scroll of blinking
 i - 3 scrolls of teleportation
 k - a scroll of immolation
 l - a scroll of noise
 n - 4 scrolls of revelation
 x - a scroll of identify
 y - a scroll of fear
 z - a scroll of torment
Potions
 a - a potion of ambrosia
 d - 2 potions of might
 f - a potion of resistance
 j - a potion of brilliance
 m - a potion of cancellation
 q - a potion of lignification
 s - a potion of attraction


   Skills:
 + Level 9.0 Fighting
 + Level 7.8 Maces & Flails
 + Level 9.0 Armour
 + Level 9.0 Shields


You had 9 spell levels left.
You didn't know any spells.
Your spell library contained the following spells:

 Spells                   Type           Power      Damage    Failure   Level
 Wereblood                Tmut           0%         N/A       52%         2
 Summon Hydra             Summ           0%         N/A       100%        7
 Sublimation of Blood     Necr           Unusable   N/A       N/A         2

Dungeon Overview and Level Annotations

Branches:
Dungeon (9/15)             Temple (1/1) D:4
   Lair: D:8-11         Orc: D:9-12

Altars:
Ashenzari
Cheibriados
Dithmenos
Elyvilon
Fedhas
Hepliaklqana
Kikubaaqudgha
Makhleb
Nemelex Xobeh
Okawaru
Qazlal
Ru
Sif Muna
Trog
Uskayaw
Wu Jian
Xom
Yredelemnul
Zin
The Shining One

Annotations:
D:2 1 runed translucent door, Crazy Yiuf
D:7 2 transporters


Innate Abilities, Weirdness & Mutations

You are immune to sickness and miasma.
Your stone body is resilient. (AC +7)
You are immune to poison.
You resist negative energy. (rN+)
You are resistant to electric shocks. (rElec)
You are resistant to unholy torment.
You are immune to petrification.
You have a beak for a mouth.


Message History

Your Armour skill increases to level 9!
You recover from your berserk rage.
a - a potion of ambrosia You see here a +0 dagger.
You see here a +1 heavy hand axe.
Things that are here:
a +0 dagger; an orc corpse
Things that are here:
a +0 mace; a +0 ring mail; a +0 club
Items here: ))) [ †††.
You now have 488 gold pieces (gained 23).
A manticore comes into view.
The manticore flicks its tail.
The volley of spikes hits you.
The barbed spikes become lodged in your body.
Okay, then.
The barbed spikes dig painfully into your body as you move.
The barbed spikes dig painfully into your body as you move.
The manticore flicks its tail.
The volley of spikes hits you!!
The barbed spikes become lodged in your body.
The barbed spikes dig painfully into your body as you move.
The manticore closely misses you. x2; The manticore claws you.
You are too injured to fight recklessly!
You are too injured to fight recklessly!
You are too injured to fight recklessly!
You are too injured to fight recklessly!
You completely miss the manticore. The manticore bites you!
* * * LOW HITPOINT WARNING * * *
The manticore closely misses you.
The manticore claws you but does no damage.
You closely miss the manticore. The manticore closely misses you.
The manticore claws you!
* * * LOW HITPOINT WARNING * * *
The manticore claws you.
* * * LOW HITPOINT WARNING * * *
You hit the manticore but do no damage. You peck the manticore.
The manticore is lightly wounded.
You block the manticore's attack. The manticore claws you!
You die...

.###.#####..####
##
#.#.....########
#...............
##..).###.###....
###....## ##..##
. .##...## ##..##
.....## ##..##
.....# ##..#
.....# ##@#
.....# #H# .....#
#.# .....# ..#
.....# ..##
......# ..#
....... #.#
.....## .# ... ##


You could see a manticore.

Vanquished Creatures
  A cyclops (D:8)
  A troll (D:8)
  2 hornets (D:8)
  Sigmund (D:4)
  A yak (D:9)
  A steam dragon (D:6)
  An acid dragon (D:8)
  2 water moccasins
  5 orc warriors
  A sky beast (D:8)
  2 black bears
  An ogre (D:5)
  2 centaurs
  2 phantoms (D:5)
  2 gnoll sergeants
  4 bullfrogs
  4 scorpions
  4 howler monkeys
  2 jellies
  6 orc priests
  3 hounds
  2 gnoll boudas
  Terence (D:2)
  4 iguanas
  A sleepcap (D:7)
  11 orc wizards
  21 gnolls
  8 adders
  2 shadow imps
  3 white imps
  2 ufetubi (D:5)
  3 worms
  4 dart slugs
  38 orcs
  4 bats
  An endoplasm (D:3)
  2 giant cockroaches
  6 goblins
  9 hobgoblins
  8 jackals
  A quokka (D:5)
  5 ball pythons
  4 frilled lizards
  13 kobolds
  10 rats
211 creatures vanquished.

Notes
Turn   | Place    | Note
-------+----------+-------------------------------------------
     0 | D:1      | Maratek the Gargoyle Fighter began the quest for the Orb.
     0 | D:1      | Reached XP level 1. HP: 14/14 MP: 1/1
    23 | D:1      | Reached XP level 2. HP: 17/19 MP: 2/2
   147 | D:1      | Upgraded the game from 0.31-a0-1144-g99969ba1bc to
                  | 0.31-a0-1161-g593ecc88b7
   191 | D:1      | You fall into a shaft and drop 1 floor!
   215 | D:2      | Reached XP level 3. HP: 23/23 MP: 3/3
   730 | D:2      | Found a runed translucent door.
   731 | D:2      | Noticed Crazy Yiuf
   793 | D:2      | Noticed Terence
   806 | D:2      | Killed Terence
   807 | D:2      | Reached XP level 4. HP: 26/29 MP: 4/4
  1374 | D:3      | Reached XP level 5. HP: 33/33 MP: 5/5
  2313 | D:4      | Found a staircase to the Ecumenical Temple.
  2352 | D:4      | Reached XP level 6. HP: 36/39 MP: 6/6
  2367 | Temple   | Entered the Ecumenical Temple
  2381 | Temple   | Became a worshipper of Trog the Wrathful
  2540 | D:4      | Noticed Sigmund
  2556 | D:4      | Killed Sigmund
  2557 | D:4      | Reached skill level 5 in Fighting
  2557 | D:4      | Reached skill level 5 in Armour
  2557 | D:4      | Reached skill level 5 in Shields
  2557 | D:4      | Reached XP level 7. HP: 29/44 MP: 7/7
  3096 | D:4      | Found an ancient bone altar of Kikubaaqudgha.
  3327 | D:5      | Entered Level 5 of the Dungeon
  3511 | D:5      | Reached * piety under Trog
  3527 | D:5      | HP: 2/44 [phantom (5)]
  3532 | D:5      | Gained mutation: You have hidden genetic potential. [potion
                  | of mutation]
  3532 | D:5      | Gained mutation: You have large cloven feet. [potion of
                  | mutation]
  3532 | D:5      | Gained mutation: You are occasionally teleported next to
                  | monsters. [potion of mutation]
  3680 | D:5      | Reached XP level 8. HP: 50/51 MP: 8/8
  3847 | D:5      | Identified the +2 robe of Midnight {Str+4}
  4031 | D:5      | Reached skill level 5 in Maces & Flails
  4207 | D:5      | Gained mutation: You are covered in fur. (AC +1) [hidden
                  | potential]
  4333 | D:5      | Found a sacrificial altar of Ru.
  4564 | D:6      | Reached ** piety under Trog
  4586 | D:6      | Reached XP level 9. HP: 16/56 MP: 9/9
  5169 | D:6      | Lost mutation: You have hidden genetic potential. [potion
                  | of mutation]
  5169 | D:6      | Lost mutation: You have large cloven feet. [potion of
                  | mutation]
  5169 | D:6      | Gained mutation: You occasionally shout uncontrollably at
                  | your foes. [potion of mutation]
  5272 | D:7      | Found an iron altar of Okawaru.
  5899 | D:7      | Found a transporter.
  5994 | D:7      | Found a transporter.
  6260 | D:8      | Noticed a hornet
  6270 | D:8      | Killed a hornet
  6270 | D:8      | Reached *** piety under Trog
  6506 | D:8      | Noticed a troll
  6515 | D:8      | Killed a troll
  6516 | D:8      | Reached XP level 10. HP: 42/64 MP: 10/10
  6933 | D:8      | Found a flagged portal.
  7156 | D:8      | Noticed a cyclops
  7166 | D:8      | Killed a cyclops
  7499 | D:8      | Lost mutation: You are occasionally teleported next to
                  | monsters. [potion of mutation]
  7499 | D:8      | Lost mutation: You occasionally shout uncontrollably at
                  | your foes. [potion of mutation]
  7499 | D:8      | Lost mutation: You are covered in fur. (AC +1) [potion of
                  | mutation]
  7499 | D:8      | Gained mutation: You have a beak for a mouth. [potion of
                  | mutation]
  7578 | D:9      | Found a stormy altar of Qazlal.
  7580 | D:9      | Found a shadowy altar of Dithmenos.
  7588 | D:9      | Found a broken altar of Ashenzari.
  7589 | D:9      | Found a white marble altar of Elyvilon.
  7596 | D:9      | Found an ornate altar of the Wu Jian Council.
  7599 | D:9      | Found a hide-covered altar of Uskayaw.
  7605 | D:9      | Found a glowing golden altar of the Shining One.
  7606 | D:9      | Found a shimmering altar of Xom.
  7800 | D:9      | Noticed a manticore
  7810 | D:9      | Slain by a manticore

Illustrated notes

Levels and vault maps discovered:
D:1:      amcnicky_arrival_double_pillar, layout_basic
D:2:      layout_basic, uniq_terence, uniq_crazy_yiuf_cottage
D:3:      layout_basic, serial_bayou, serial_bayou_lake_a, serial_bayou_pond_a,
          serial_bayou_crossing, serial_bayou_lagoon_a, serial_bayou_shore_b,
          serial_bayou_pond_d, chequers_avenue
D:4:      cheibrodos_helix_gallery, layout_cave_pods, marbit_many_paths,
          minmay_temple_entry_stoned_glass, minmay_vboxes, uniq_sigmund
D:5:      layout_basic, nicolae_ru_path_of_blood, nicolae_grassy_gnolls
D:6:      layout_rooms, serial_aquarium, aquarium_bridge_square
          [aquarium_subvault_bridge, aquarium_subvault_bridge,
          aquarium_subvault_bridge, aquarium_subvault_bridge],
          aquarium_window_fake, aquarium_window_1, aquarium_window_2,
          aquarium_view_2d, aquarium_view_2b, st_stairs_4
D:7:      gammafunk_beogh_shrine, layout_loops_ring, kennysheep_mini_moat,
          feat_on_display
D:8:      layout_basic, enter_bailey_6
D:9:      minmay_the_grid_octo_triangle [minmay_the_grid_octo_empty,
          minmay_the_grid_octo_prize_square_snowflake, minmay_the_grid_octo_77],
          layout_rooms, nicolae_overflow_hallway_of_the_gods, dpeg_oklobed_lair,
          david_orc_4, billiards_dpeg
Temple:   nicolae_temple_figure_zero

Skill      XL: |  1  2  3  4  5  6  7  8  9 10 |
---------------+-------------------------------+-----
Shields        | 4 5 7 8 9 |  9.0
Fighting       | 4 5 6 8 9 |  9.0
Armour         | 4 5 6 8 9 |  9.0
Maces & Flails | 3 4 5 7 |  7.8

Action                     |  1- 3 |  4- 6 |  7- 9 | 10-12 || total
---------------------------+-------+-------+-------+-------++-------
  Melee: Flail             |   135 |   168 |   412 |   146 ||   861
         Kick              |       |       |    38 |       ||    38
         Peck              |       |       |       |    10 ||    10
 Invoke: Berserk           |       |       |       |     1 ||     1
    Use: Scroll            |       |     7 |     9 |     2 ||    18
         Potion            |       |       |    11 |     4 ||    15
   Stab: Sleeping          |       |       |     1 |       ||     1
 Armour: Scale mail        |   143 |   187 |   172 |       ||   502
         Robe              |       |       |   214 |   149 ||   363
  Dodge: Dodged            |   106 |   104 |   267 |    73 ||   550
  Block: Buckler           |    35 |    33 |   115 |    36 ||   219

Table legend: (Time is in decaauts)
 A = Elapsed time spent in this place.
 B = Non-inter-level travel time spent in this place.
 C = Inter-level travel time spent in this place.
 D = Time resting spent in this place.
 E = Time spent auto-exploring this place.
 F = Levels seen in this place.
 G = Mean time per level.
                   A        B        C        D        E       F      G
               +--------+--------+--------+--------+--------+-----+--------+
         Total |   7996 |   7588 |    408 |    139 |   5703 |  10 |  799.6 |
       Dungeon |   7970 |   7585 |    385 |    139 |   5703 |   9 |  885.6 |
        Temple |     26 |      3 |     23 |      0 |      0 |   1 |   26.0 |
               +--------+--------+--------+--------+--------+-----+--------+

Top non-repeatable levels by time:
     D:8: 1262 daAuts
     D:4: 1218 daAuts
     D:7: 1101 daAuts
     D:5: 1068 daAuts
     D:2: 1025 daAuts
     D:3: 970 daAuts
     D:6: 811 daAuts
     D:9: 302 daAuts
     D:1: 209 daAuts
  Temple: 26 daAuts
